 Dungeon Crawl Stone Soup version 0.18-b1-14-g029dad2 (webtiles) character file.

24 Wooh the Slasher (level 3, 0/51 HPs)
             Began as a Naga Berserker on Apr 30, 2016.
             Was a Follower of Trog.
             Slain by a quokka (3 damage)
             ... on level 2 of the Dungeon.
             The game lasted 00:14:50 (1001 turns).

Wooh the Slasher (Naga Berserker)                   Turns: 1001, Time: 00:14:52

Health: 0/51       AC:  2    Str: 24    XL:     3   Next: 2%
Magic:  3/3        EV: 10    Int:  7    God:    Trog [*.....]
Gold:   78         SH:  0    Dex: 11    Spells: 0 memorised, 2 levels left

rFire  . . .     SeeInvis +     a - +0 falchion
rCold  . . .     Gourm    .     b - +0 animal skin
rNeg   . . .     Faith    .     (no shield)
rPois  +         Spirit   .     (no helmet)
rElec  .         Dismiss  .     (no cloak)
rCorr  .         Reflect  .     (no gloves)
SustAt .         Harm     .     (no barding)
MR     .....                    (no amulet)
Stlth  ..........               (no ring)
                                (no ring)

@: berserking (expiring), quick, not resistant to hostile enchantments,
extremely unstealthy
A: see invisible, deformed body, poison resistance, slowness 2, slow metabolism
1, spit poison 2, AC +1
a: Spit Poison, Berserk, Burn Spellbooks, Renounce Religion


You were on level 2 of the Dungeon.
You worshipped Trog.
Trog was aware of your devotion.
You were not hungry.

You visited 1 branch of the dungeon, and saw 2 of its levels.

You collected 78 gold pieces.

Inventory:

Hand Weapons
 a - a +0 falchion (weapon)
Armour
 b - a +0 animal skin (worn)
 e - a +0 plate armour
Scrolls
 f - 3 scrolls of identify {unknown}
 i - a scroll of teleportation {unknown}
 j - a scroll of noise {unknown}
Potions
 d - 2 potions of magic {unknown}
 g - a potion of berserk rage {unknown}
 h - a potion of degeneration {unknown}
 k - a potion of ambrosia {unknown}
 m - a potion of curing {unknown}
Comestibles
 c - a bread ration


   Skills:
 - Level 3.0 Fighting
 + Level 4.1 Long Blades
 - Level 1.5 Armour
 - Level 1.5 Dodging


You had 2 spell levels left.
You didn't know any spells.

Dungeon Overview and Level Annotations

Branches:
Dungeon (2/15)

Altars:


Innate Abilities, Weirdness & Mutations

You cannot wear boots.
Your serpentine skin is tough (AC +1).
You have supernaturally acute eyesight.
Armour fits poorly on your strangely shaped body.
Your system is resistant to poisons.
You cover ground very slowly.
You have a slow metabolism.
You can spit poison.


Message History

* * * LOW HITPOINT WARNING * * *
The jackal bites you.
* * * LOW HITPOINT WARNING * * *
You closely miss the adder. The quokka completely misses you.
The adder bites you.
* * * LOW HITPOINT WARNING * * *
The ooze barely misses you. The jackal bites you.
* * * LOW HITPOINT WARNING * * *
You barely miss the adder. The quokka barely misses you. The adder bites you.
* * * LOW HITPOINT WARNING * * *
The jackal misses you. The ooze barely misses you.
You see here a club.
You slash the adder!
The adder is severely wounded.
The quokka barely misses you. The ooze barely misses you. The adder bites you.
* * * LOW HITPOINT WARNING * * *
Found a stone staircase leading down.
You miss the quokka. The quokka bites you.
You die...

###...........$#
..............##
###.#...##...>##
#.......$.#..##
###.............
####†.........
#.†g........
######h##........
.......Sr@.....r.g
..#.....J.........
#..######........
## #.......>
#........
.........
######... ...


You could see an ooze, an adder, a quokka, a jackal and a rat.

Vanquished Creatures
  A dart slug (D:1)
  A giant gecko (D:2)
  3 bats (D:1)
  A giant cockroach (D:1)
  A goblin (D:1)
  A hobgoblin (D:2)
  3 jackals (D:2)
  4 kobolds (D:1)
  4 giant newts
  A rat (D:1)
20 creatures vanquished.

Notes
Turn   | Place    | Note
--------------------------------------------------------------
     0 | D:1      | Wooh the Naga Berserker began the quest for the Orb.
     0 | D:1      | Reached XP level 1. HP: 21/21 MP: 1/1
   256 | D:1      | Reached XP level 2. HP: 15/28 MP: 2/2
   982 | D:2      | Reached skill level 4 in Long Blades
   994 | D:2      | Reached XP level 3. HP: 14/34 MP: 3/3
   999 | D:2      | HP: 2/51 [adder (3)]
  1001 | D:2      | Slain by a quokka

Skill      XL: |  1  2 |
---------------+-------+-----
Long Blades    | 4 |  4.1
Fighting       | |  3.0
Armour         | |  1.5
Dodging        | |  1.5

Action                   || total
-------------------------++-------
Melee: Falchion          ||    65
Invok: Berserk           ||     1
 Abil: Spit Poison       ||     1
 Stab: Sleeping          ||     1
Armor: Animal skin       ||    12
Dodge: Dodged            ||    45
